 Dungeon Crawl Stone Soup version 0.26-a0-800-g517d6fe721 (console) character file.

Game seed: 4284973266171884143

77 Ignak the Ogre Mage (level 4, -2/63 HPs)
             Began as an Ogre Hedge Wizard on Nov 11, 2020.
             Succumbed to kobold's curare-tipped dart
             ... on level 3 of the Dungeon.
             The game lasted 00:05:58 (3235 turns).

Ignak the Ogre Mage (Ogre Hedge Wizard)             Turns: 3235, Time: 00:05:59

Health: -2/63      AC: 22    Str: 15    XL:     4   Next: 33%
Magic:  6/10       EV:  1    Int: 15    God:
Gold:   75         SH:  0    Dex:  8    Spells: 3/11 levels left

rFire    . . .     SeeInvis .   g - +2 mace (holy)
rCold    . . .     Faith    .   (no shield)
rNeg     + + +     Spirit   .   (armour currently unavailable)
rPois    +         Reflect  .   (helmet currently unavailable)
rElec    .         Harm     .   (cloak currently unavailable)
rCorr    .         Rampage  .   (gloves unavailable)
MR       .....     NoTele   +   (boots unavailable)
Stlth    +.........             k - amulet of magic regeneration
HPRegen  0.20/turn              (no ring)
MPRegen  0.37/turn              (no ring)

@: lethally poisoned (-2 -> -40), tree-form, slowed, very slow
A: large, unfitting armour
a: no special abilities


You were on level 3 of the Dungeon.
You were a tree.
You visited 1 branch of the dungeon, and saw 3 of its levels.

You collected 75 gold pieces.

Inventory:

Hand Weapons
 g - a +2 mace of holy wrath (weapon)
Armour
 b - a +0 robe (melded)
 c - a +0 hat (melded)
Jewellery
 k - an amulet of magic regeneration (around neck)
Scrolls
 a - 2 scrolls of enchant weapon {unknown}
 d - 2 scrolls of noise {unknown}
 e - a scroll of remove curse {unknown}
 m - a scroll of magic mapping {unknown}
Potions
 f - a potion of might {unknown}
 h - 2 potions of lignification
 i - 2 potions of heal wounds {unknown}
 j - 3 potions of mutation {unknown}
 l - 2 potions of flight {unknown}
 n - a potion of cancellation {unknown}


   Skills:
 + Level 1.7 Fighting
 * Level 1.6 Maces & Flails
 + Level 2.2 Dodging
 - Level 1.4 Stealth
 + Level 0.9 Unarmed Combat
 + Level 4.0 Spellcasting
 + Level 1.4 Conjurations
 - Level 0.8 Summonings
 - Level 0.8 Translocations


You had 3 spell levels left.
You knew the following spells:

 Your Spells              Type           Power        Failure   Level
a - Magic Dart            Conj           #...         10%         1
b - Blink                 Tloc           N/A          19%         2
d - Mephitic Cloud        Conj/Pois/Air  #.......     41%         3
e - Call Imp              Summ           #.......     19%         2

Your spell library contained the following spells:

 Spells                   Type           Power        Failure   Level
 Slow                     Hex            #.......     26%         2
 Conjure Flame            Conj/Fire      #.......     38%         3


Dungeon Overview and Level Annotations

Branches:
Dungeon (3/15)

Altars:
Elyvilon
Fedhas
The Shining One


Innate Abilities, Weirdness & Mutations

You are too large for most types of armour.
((You have tough skin. (AC +1)))


Message History

Ijyb dies!
Your Spellcasting skill increases to level 4!
The hobgoblin hits you with a +0 club.
You closely miss the hobgoblin.
You feel sick.
The kobold throws a curare-tipped dart.
The curare-tipped dart hits you.
You are lethally poisoned!
You have difficulty breathing.
* * * LOW HITPOINT WARNING * * *
You feel as though you will be slow longer.
Your white imp hits the hobgoblin.
Your white imp freezes the hobgoblin.
The hobgoblin dies!
The kobold throws a curare-tipped dart.
The curare-tipped dart hits you.
You are more poisoned.
You have difficulty breathing.
* * * LOW HITPOINT WARNING * * *
You feel as though you will be slow longer.
It was a potion of lignification.
You turn into a tree.
Your +0 hat melds into your body.
Your +0 robe melds into your body.
Your roots penetrate the ground.
You die...

................
#.........# # ..
####((##### #. .# ##..##
.##. #####÷.## ...
#......# ####
#.#######......###....
#.#..........())...#.#
###...#####.....♣5......
)....######.....÷#...#.#
.<.................###
##................##
..............(...#
##.#####.........K# #.#
#.######......# ... #.#
##...#K.r #..# #.#
###...##


You could see a kobold and a friendly white imp (summoned).

Vanquished Creatures
  4 dart slugs
  2 leopard geckos (D:1)
  2 giant cockroaches
  A goblin (D:1)
  4 hobgoblins
  7 kobolds
  2 ball pythons
  2 bats
  3 frilled lizards (D:2)
  10 rats
37 creatures vanquished.

Vanquished Creatures (collateral kills)
  Ijyb (D:3)
  2 adders (D:2)
  2 leopard geckos (D:3)
  A giant cockroach (D:2)
  A hobgoblin (D:3)
  2 kobolds (D:2)
  A ball python (D:2)
  2 bats (D:2)
  A rat (D:2)
13 creatures vanquished.

Grand Total: 50 creatures vanquished

Notes
Turn   | Place    | Note
-------+----------+-------------------------------------------
     0 | D:1      | Ignak the Ogre Hedge Wizard began the quest for the Orb.
     0 | D:1      | Reached XP level 1. HP: 16/16 MP: 5/5
    92 | D:1      | Reached skill level 1 in Conjurations
   439 | D:1      | Reached XP level 2. HP: 26/26 MP: 6/6
   453 | D:1      | Learned a level 2 spell: Blink
   456 | D:1      | Learned a level 2 spell: Call Imp
   647 | D:1      | Reached skill level 1 in Fighting
  1029 | D:1      | Reached XP level 3. HP: 33/33 MP: 8/8
  1152 | D:1      | Learned a level 3 spell: Mephitic Cloud
  1193 | D:2      | Reached skill level 1 in Maces & Flails
  1572 | D:2      | Found a glowing golden altar of the Shining One.
  2511 | D:2      | Found a white marble altar of Elyvilon.
  2511 | D:2      | Found a blossoming altar of Fedhas.
  2719 | D:3      | Reached XP level 4. HP: 31/41 MP: 7/9
  2727 | D:3      | Noticed Ijyb
  3233 | D:3      | Killed Ijyb
  3233 | D:3      | Reached skill level 4 in Spellcasting
  3234 | D:3      | HP: 2/42 [asphyx]
  3235 | D:3      | Succumbed to kobold's curare-tipped dart

Illustrated notes

Levels and vault maps discovered:
D:1:      wander_arrival_desolate, layout_basic, chequers_serial_rivers_micro_c
D:2:      layout_basic, gammafunk_temple_overflow_elements,
          nicolae_tso_swordbearing_angel
D:3:      layout_rooms, uniq_ijyb, uniq_sigmund, uniq_jessica

Skill      XL: |  1  2  3  4 |
---------------+-------------+-----
Conjurations   | 1 |  1.4
Dodging        | 2 |  2.2
Fighting       | 1 |  1.7
Maces & Flails | 1 |  1.6
Spellcasting   | 4 |  4.0
Stealth        | |  1.4
Unarmed Combat | |  0.9
Summonings     | |  0.8
Translocations | |  0.8

Action                   |  1- 3 |  4- 6 || total
-------------------------+-------+-------++-------
Melee: Dagger            |    23 |       ||    23
       Mace              |   109 |    15 ||   124
Throw: Dart              |       |     1 ||     1
 Cast: Magic Dart        |     2 |       ||     2
       Call Imp          |    19 |     9 ||    28
       Mephitic Cloud    |       |     2 ||     2
  Use: Potion            |       |     1 ||     1
 Stab: Sleeping          |     2 |       ||     2
Armor: Robe              |    46 |    10 ||    56
Dodge: Dodged            |    90 |    20 ||   110

Table legend: (Time is in decaauts)
 A = Elapsed time spent in this place.
 B = Non-inter-level travel time spent in this place.
 C = Inter-level travel time spent in this place.
 D = Time resting spent in this place.
 E = Time spent auto-exploring this place.
 F = Levels seen in this place.
 G = Mean time per level.
                   A        B        C        D        E       F      G
               +--------+--------+--------+--------+--------+-----+--------+
         Total |   3281 |   3235 |     46 |    665 |   1889 |   3 | 1093.7 |
       Dungeon |   3281 |   3235 |     46 |    665 |   1889 |   3 | 1093.7 |
               +--------+--------+--------+--------+--------+-----+--------+

Top non-repeatable levels by time:
     D:2: 1958 daAuts
     D:1: 1200 daAuts
     D:3: 122 daAuts
